 Dungeon Crawl Stone Soup version 0.28.0-47-ge53b351184 (webtiles) character file.

Game seed: 15956400040305553787

125 pkoi the Insei (level 4, -1/36 HPs)
             Began as a Demigod Gladiator on May 3, 2022.
             Killed by nerve-wracking pain
             ... invoked by an orc priest
              (13 damage)
             ... on level 3 of the Dungeon.
             The game lasted 00:03:32 (3609 turns).

pkoi the Insei (Demigod Gladiator)                  Turns: 3609, Time: 00:03:32

Health: -1/36      AC:  4    Str: 15    XL:     4   Next: 53%
Magic:  6/6        EV: 12    Int: 14    God:
Gold:   87         SH:  0    Dex: 15    Spells: 3/3 levels left

rFire   . . .      SeeInvis .     - Unarmed
rCold   . . .      Faith    .   (no shield)
rNeg    . . .      Spirit   .   a - +0 leather armour
rPois   .          Reflect  .   b - +0 helmet
rElec   .          Harm     .   (no cloak)
rCorr   .          Rampage  .   (no gloves)
Will    .....                   (no boots)
Stlth   +.........              (no amulet)
HPRegen 0.12/turn               (no ring)
MPRegen 0.10/turn               (no ring)

@: no status effects
A: high MP 1, forlorn, divine attributes
a: no special abilities


You were on level 3 of the Dungeon.
You visited 1 branch of the dungeon, and saw 3 of its levels.

You collected 87 gold pieces.

Inventory:

Missiles
 c - 5 throwing nets (quivered)
Armour
 a - a +0 leather armour (worn)
 b - a +0 helmet (worn)
Scrolls
 f - a scroll of enchant weapon {unknown}
 h - 3 scrolls of amnesia {unknown}
 i - a scroll of magic mapping {unknown}
 j - 3 scrolls of identify {unknown}
 k - a scroll of fog {unknown}
Potions
 d - a potion of haste {unknown}
 e - a potion of heal wounds
 g - 2 potions of curing {unknown}
 l - a potion of berserk rage {unknown}


   Skills:
 - Level 1.7 Fighting
 - Level 1.7 Throwing
 - Level 2.6 Dodging
 + Level 5.1 Unarmed Combat


You had 3 spell levels left.
You didn't know any spells.
Your spell library contained the following spells:

 Spells                   Type           Power      Damage    Failure   Level
 Corpse Rot               Necr/Air       0%         N/A       47%         2
 Dispel Undead            Necr           0%         3d6       98%         4
 Death Channel            Necr           0%         N/A       100%        6
 Chain Lightning          Conj/Air       0%         N/A       100%        9
 Fire Storm               Conj/Fire      0%         5d1       100%        9
 Shatter                  Erth           0%         3d5*      100%        9


Dungeon Overview and Level Annotations

Branches:
Dungeon (3/15)


Innate Abilities, Weirdness & Mutations

You have an increased reservoir of magic. (+10% MP)
You shall have no god before yourself.
Your divine heritage dramatically boosts your attributes as you level up.


Message History

You open the door.
An endoplasm comes into view.
The endoplasm quivers.
There is an open door here.
The endoplasm hits you but does no damage.
You hit the endoplasm but do no damage. The endoplasm barely misses you.
You hit the endoplasm but do no damage. The endoplasm barely misses you.
You hit the endoplasm.
You kill the endoplasm!
You open the door.
There is an open door here.
An orc priest comes into view. It is wielding a +0 flail.
Found a book of Frost.
An orc priest is nearby!
An orc comes into view. It is wielding a +0 war axe.
The orc priest mumbles some strange prayers to Beogh against you.
Beogh smites you!
* * * LOW HITPOINT WARNING * * *
The orc shouts!
You hear a shout!
An orc comes into view. It is wielding a +0 short sword.
A kobold comes into view. It is wielding a +0 short sword.
You barely miss the orc priest. The orc priest misses you.
The kobold shouts!
You hit the orc priest.
The orc priest is lightly wounded.
The orc priest barely misses you.
The orc priest miscasts a cantrip.
You closely miss the orc priest.
The orc priest is lightly wounded.
The orc priest invokes the aid of Beogh against you.
Beogh smites you!
* * * LOW HITPOINT WARNING * * *
You hit the orc priest.
The orc priest is heavily wounded.
The orc priest casts a cantrip, but nothing happens.
You closely miss the orc priest.
The orc priest is heavily wounded.
The orc priest calls down the wrath of Beogh upon you.
Pain shoots through your body!
You die...

#.#.##.###.######.####......#
#.#.##.###.######... .......#
#.#.##................
.........<.###.#####..
#.##..##.#.# #.# .
#.##..##.#.###.#
#........#.....# ###
########.#####.
#oo@..........
#....Ko####.######. #.#####
#.# #.# #.# #.# ..# ##


You could see an orc priest, 2 orcs and a kobold.

Vanquished Creatures
  Robin (D:2)
  5 adders
  A worm (D:2)
  2 dart slugs
  2 orcs (D:3)
  3 ball pythons (D:1)
  4 bats
  6 endoplasms
  3 giant cockroaches
  14 goblins
  5 hobgoblins
  2 kobolds (D:2)
  2 quokkas
  3 frilled lizards
  3 rats
56 creatures vanquished.

Notes
Turn   | Place    | Note
-------+----------+-------------------------------------------
     0 | D:1      | pkoi the Demigod Gladiator began the quest for the Orb.
     0 | D:1      | Reached XP level 1. HP: 17/17 MP: 3/3
    71 | D:1      | Reached skill level 3 in Unarmed Combat
   238 | D:1      | Reached XP level 2. HP: 19/24 MP: 4/4
   995 | D:2      | Noticed Robin
  1335 | D:2      | Reached XP level 3. HP: 29/29 MP: 5/5
  1427 | D:2      | Killed Robin
  1428 | D:2      | Reached skill level 4 in Unarmed Combat
  2959 | D:3      | Reached XP level 4. HP: 4/36 MP: 6/6
  3396 | D:3      | Reached skill level 5 in Unarmed Combat
  3609 | D:3      | Killed from afar by an orc priest

Illustrated notes

Levels and vault maps discovered:
D:1:      lemuel_arrival_room, layout_basic
D:2:      layout_basic, hellmonk_ecumenical_altar_slurped_away,
          minmay_misc_feat_iff, uniq_robin
D:3:      layout_loops_ring, marbit_many_paths, minmay_quadrilaterals

Skill      XL: |  1  2  3  4 |
---------------+-------------+-----
Unarmed Combat | 3 4 5 |  5.1
Fighting       | |  1.7
Throwing       | |  1.7
Dodging        | |  2.6

Action                   |  1- 3 |  4- 6 || total
-------------------------+-------+-------++-------
Melee: Unarmed           |   181 |    43 ||   224
       Punch             |     2 |     2 ||     4
  Use: Potion            |       |     1 ||     1
 Stab: Sleeping          |     1 |       ||     1
Armor: Leather armour    |    39 |    19 ||    58
Dodge: Dodged            |    97 |    26 ||   123
